 Dungeon Crawl Stone Soup version 0.31-a0-321-g19405a7a6a (webtiles) character file.

Game seed: 4500187844021373719

86 LustLizard the Ruffian (level 4, -12/28 (30) HPs)
             Began as an Octopode Shapeshifter on July 18, 2023.
             Mangled by a hell rat (17 damage)
             ... in a sewer.
             The game lasted 00:05:35 (2587 turns).

LustLizard the Ruffian (Octopode Shapeshifter)      Turns: 2587, Time: 00:05:36

HP:   -12/28 (30)   AC:  1    Str: 22    XL:     4   Next: 50%
MP:   4/4           EV: 13    Int: 10    God:
Gold: 167           SH:  0    Dex: 12    Spells: 3/3 levels left

rFire   . .          .
                       - Unarmed
rCold   . . .        (no shield)
rNeg    . . .        (helmet currently unavailable)
rPois   .            (no amulet)
rElec   .            o - +6 ring of strength
rCorr   .            (no ring)
SInv    .            (no ring)
Will    .....        (no ring)
Stlth   +++          (no ring)
HPRegen 0.24/turn    (no ring)
MPRegen 0.09/turn    (no ring)
                     (no ring)

%: no passive effects
@: beast-form, drained
A: beast (slay +2), almost no armour, amphibious, 8 rings, camouflage 1,
gelatinous body 1, nimble swimmer 1, tentacles
a: Begin Untransformation


You were in a sewer.
You were a hulking beast.
You visited 1 branch of the dungeon, and saw 4 of its levels.
You also visited: Sewer.

You collected 167 gold pieces.

Inventory:

Missiles
 c - 2 poisoned darts
 l - 10 curare-tipped darts
Jewellery
 o - a +6 ring of strength (left tentacle)
Talismans
 b - a beast talisman
Scrolls
 d - 3 scrolls of identify
 f - a scroll of teleportation {unknown}
 g - a scroll of vulnerability {unknown}
 i - 2 scrolls of poison {unknown}
 j - a scroll of revelation {unknown}
 m - a scroll of blinking {unknown}
 n - a scroll of butterflies {unknown}
 p - a scroll of immolation {unknown}
 q - 2 scrolls of fog {unknown}
Potions
 a - a potion of lignification
 e - a potion of curing
 h - a potion of might {unknown}
 k - a potion of mutation {unknown}
 r - a potion of invisibility {unknown}
 s - a potion of attraction {unknown}


   Skills:
 + Level 2.8 Fighting
 - Level 2.0 Dodging
 * Level 3.5 Unarmed Combat
 + Level 3.4 Shapeshifting


You had 3 spell levels left.
You didn't know any spells.
Your spell library contained the following spells:

 Spells                   Type           Power      Damage    Failure   Level
 Ensorcelled Hibernation  Hex/Ice        0%         N/A       50%         2
 Passwall                 Tmut/Erth      0%         N/A       50%         2
 Static Discharge         Conj/Air       0%         2-2/arc   50%         2
 Gell's Gravitas          Tloc           0%         N/A       75%         3
 Stone Arrow              Conj/Erth      0%         3d7       75%         3
 Swiftness                Air            0%         N/A       75%         3
 Teleport Other           Tloc           0%         N/A       75%         3
 Vhi's Electric Charge    Tloc/Air       0%         N/A       75%         3
 Airstrike                Air            0%         2d(0-16)  98%         4
 Summon Lightning Spire   Summ/Air       0%         N/A       98%         4
 Arcjolt                  Conj/Air       0%         1d10      100%        5
 Dispersal                Tloc           0%         N/A       100%        6
 Lehudib's Crystal Spear  Conj/Erth      0%         10d2      100%        8
 Maxwell's Capacitive Co  Air            0%         ∞         100%        8
 Animate Armour           Summ/Erth      Unusable   N/A       N/A         4

Dungeon Overview and Level Annotations

Branches:
Dungeon (4/15)              Sewer (1/1)
 Temple: D:4-7

Altars:


Innate Abilities, Weirdness & Mutations

You are a hulking beast.
Your limbs bulge with bestial killing power. (Slay +2)
You cannot wear most types of armour.
You are amphibious.
You can wear up to eight rings at the same time.
Your skin changes colour to match your surroundings (Stealth+).
Your rubbery body absorbs attacks. (AC +1, EV +1)
You are camouflaged when in or above water. (Stealth+)
You have tentacles for arms and can constrict up to eight enemies at once.


Message History

There is an empty arch of ancient stone here.
You enter the shallow water.
A river rat comes into view.
You enter the shallow water.
The helpless river rat fails to defend itself.
You tentacle-slap the river rat. You grab the river rat.
The river rat is moderately wounded.
You constrict the river rat. You tentacle-slap the river rat.
You squeeze the river rat.
You kill the river rat!
You enter the shallow water.
You enter the shallow water.
You enter the shallow water.
A rat comes into view.
As you open the door, it creaks loudly!
A hell rat comes into view.
The hell rat roars deafeningly!
A river rat comes into view.
Found a scroll labelled MUOROC XAUFY, 18 gold pieces and 2 white potions.
Found a gate leading back out of this place.
Found three items.
There is an open door here.
You enter the shallow water.
The hell rat bites you!
Ouch! That really hurt!
The hell rat bites you!
* * * LOW HITPOINT WARNING * * *
You feel drained.
You are too injured to fight recklessly!
You are too injured to fight recklessly!
Unknown command.
There is an open door here.
You enter the shallow water.
You enter the shallow water.
You enter the shallow water.
The hell rat attacks as you move away! The hell rat closely misses you.
You enter the shallow water.
A rat comes into view.
The hell rat bites you!
Ouch! That really hurt!
You die...

#~~~...~~.~~###
.~~.##'##.~~~~# .
#.~~###.~.##
#.~~~~~~##~.~# ~
#~~~~~~~~.#.~.#
~~##~!$???~##r~~#
...###!∩?###.~~##
.~~~r#####~r.~.#
#~.~..∩..h~.###
###.~.∩~~~###
#########


You could see a hell rat, a river rat and a rat.

Vanquished Creatures
  A river rat (Sewer)
  An adder (D:3)
  A dart slug (D:1)
  2 orcs
  6 endoplasms
  3 giant cockroaches
  2 goblins (D:3)
  9 hobgoblins
  4 jackals (D:1)
  5 quokkas
  3 ball pythons
  5 bats
  4 frilled lizards
  6 kobolds
  6 rats
58 creatures vanquished.

Notes
Turn   | Place    | Note
-------+----------+-------------------------------------------
     0 | D:1      | LustLizard the Octopode Shapeshifter began the quest for
                  | the Orb.
     0 | D:1      | Reached XP level 1. HP: 14/14 MP: 1/1
    96 | D:1      | Reached XP level 2. HP: 2/19 MP: 2/2
   532 | D:1      | Reached XP level 3. HP: 25/25 MP: 3/3
  1439 | D:2      | Found a faded altar of an unknown god.
  1873 | D:3      | Identified the +2 robe "Alupp" {Rampage SInv}
  1940 | D:3      | Reached XP level 4. HP: 26/30 MP: 4/4
  2424 | D:4      | Found a glowing drain.
  2553 | Sewer    | Entered a sewer
  2587 | Sewer    | Mangled by a hell rat

Illustrated notes

Levels and vault maps discovered:
D:1:      matt_arrival_refuge, layout_basic, minmay_pentomino_w4
D:2:      minmay_door_path, layout_loops_ring,
          ebering_ecumenical_altar_abandoned, st_stairs_12
D:3:      layout_loops_ring, minmay_misc_feat_iff, chequers_big_river,
          grunt_decor_resistance, dk_vineyard_1
D:4:      layout_basic, minmay_temple_entry_poolview,
          cheibrodos_sewer_entry_drain
Sewer:    sewer_hellmonk_bad_rat

Skill      XL: |  1  2  3 |
---------------+----------+-----
Unarmed Combat | 3 |  3.5
Fighting       | |  2.8
Dodging        | |  2.0
Shapeshifting  | |  3.4

Action                     |  1- 3 |  4- 6 || total
---------------------------+-------+-------++-------
  Melee: Unarmed           |    87 |    15 ||   102
         Tentacles         |    12 |     4 ||    16
         Constrict         |    17 |     6 ||    23
    Use: Scroll            |     2 |       ||     2
   Stab: Sleeping          |     6 |     1 ||     7
         Distracted        |     1 |       ||     1
 Armour: Skin              |    10 |       ||    10
  Dodge: Dodged            |    43 |     7 ||    50

Table legend: (Time is in decaauts)
 A = Elapsed time spent in this place.
 B = Non-inter-level travel time spent in this place.
 C = Inter-level travel time spent in this place.
 D = Time resting spent in this place.
 E = Time spent auto-exploring this place.
 F = Levels seen in this place.
 G = Mean time per level.
                   A        B        C        D        E       F      G
               +--------+--------+--------+--------+--------+-----+--------+
         Total |   2579 |   2481 |     98 |    125 |   1775 |   5 |  515.8 |
       Dungeon |   2546 |   2448 |     98 |    125 |   1765 |   4 |  636.5 |
         Sewer |     33 |     33 |      0 |      0 |     10 |   1 |   33.0 |
               +--------+--------+--------+--------+--------+-----+--------+

Top non-repeatable levels by time:
     D:1: 921 daAuts
     D:2: 733 daAuts
     D:3: 698 daAuts
     D:4: 193 daAuts
   Sewer: 33 daAuts
